[Event "Late-Titled-Tuesday-Blitz-March-12-2024"]
[Site "Chess.com"]
[Date "2024.03.12"]
[Round "7"]
[White "Rud_Makarian"]
[Black "Witik"]
[Result "1-0"]
[WhiteElo "3039"]
[BlackElo "2735"]
[TimeControl "180+1"]
[EndTime "15:17:29 PDT"]
[Termination "Rud_Makarian won on time"]

1. d4 Nf6 2. c4 g6 3. Nf3 Bg7 4.
Nc3 d6 5. e4 O-O 6. Be2 e5 7. O-O Nc6 8. d5 Ne7 9. b4 Nh5 10. a4 f5 11. a5 Nf6 12. Nd2 f4 13.
c5 g5 14. f3 Ng6 15. c6 h5 16.
a6 b6 17. Kf2 g4 18. Ke1 g3 19. Rh1 h4 20. h3 Nh7 21. Nc4 Ng5 22. Kd2 Rf6 23. Nb5 Bf8 24. Kc2 Nh8 25. Kb3 Nhf7 26. Ra2 Rg6 27. Bf1 Rg7 28. Bd2 Be7 29. Bc3 Bf6 30.
Bd3 Kh8 31. Qg1 Kg8 32. Qf1 Kh8 33. Qe2 Kg8 34. Rha1 Kh8 35. Qf1 Kg8 36. Qh1 Kh8 37.
Bf1 Kg8 38. Qg1 Kh8 39. Nxa7 Rxa7 40. b5 Bxh3 41. Ba5 Nh6 42. Nxb6 cxb6 43. Bxb6 Qb8 44. Bxa7 Rxa7 45. b6 Bc8 46. Kc2 Rh7 47. b7 Qc7 48.
bxc8=Q+ Qxc8 49. a7 Rxa7 50. Rxa7 Bd8 51. Ra8 Qc7 52.
R1a7 1-0

[Event "Late-Titled-Tuesday-Blitz-March-12-2024"]
[Site "Chess.com"]
[Date "2024.03.12"]
[Round "7"]
[White "Iljiushenok_Ilya"]
[Black "maximnovik"]
[Result "1/2-1/2"]
[WhiteElo "2776"]
[BlackElo "2599"]
[TimeControl "180+1"]
[EndTime "15:17:30 PDT"]
[Termination "Game drawn by repetition"]

1. e4 c6 2. Nf3 d5 3. d3 Nd7 4.
Nc3 e6 5. d4 dxe4 6. Nxe4 Ngf6 7. Bd3 Nxe4 8. Bxe4 Nf6 9. Bg5 Be7 10. Bxf6 Bxf6 11. Qd3 Qa5+ 12. c3 g6 13. h4 Bd7 14. a3 O-O-O 15. O-O-O Kb8 16. Qe3 Qc7 17. h5 Bc8 18. Kb1 a6 19. g3 Rhe8 20. Bc2 Re7 21.
Ne5 c5 22. Qf4 Bxe5 23. dxe5 Rxd1+ 24. Rxd1 Rd7 25. Re1 b6 26. Qh6 gxh5 27. Bxh7 Bb7 28. Qxh5 Rd2 29. f4 Qd7 30. Bc2 Bc6 31. Rd1 Rxd1+ 32.
Qxd1 Qxd1+ 33. Bxd1 Kc7 34. Kc1 Kd8 35. Kd2 Ke7 36.
Ke3 f5 37. b4 a5 38. Bf3 Bb5 39. g4 fxg4 40. Bxg4 Bc4 41. bxa5 bxa5 42. Be2 Bb3 43. Bd3 Bd5 44. f5 exf5 45. Bxf5 Bc4 46. Kf4 Bb3 47.
Bd3 Bd5 48. Be4 Bc4 49. Bf5 Bd5 50. Ke3 Bc4 51. Bd3 Bd5 52. Bf5 1/2-1/2

[Event "Late-Titled-Tuesday-Blitz-March-12-2024"]
[Site "Chess.com"]
[Date "2024.03.12"]
[Round "7"]
[White "jcibarra"]
[Black "GoltsevDmitry2000"]
[Result "0-1"]
[WhiteElo "2910"]
[BlackElo "2723"]
[TimeControl "180+1"]
[EndTime "15:17:31 PDT"]
[Termination "GoltsevDmitry2000 won on time"]

1. Nf3 d5 2. g3 Nf6 3. Bg2 g6 4. O-O Bg7 5. c4 dxc4 6. Qa4+ c6 7. Qxc4 O-O 8. d3 Nbd7 9. Nc3 Nb6 10. Qh4 Qd7 11. Ne5 Qe6 12. f4 Nbd5 13. e4 Nxc3 14. bxc3 Ng4 15. Nxg4 Qxg4 16. Qxg4 Bxg4 17. d4 Rfd8 18.
Ba3 Rd7 19. Rab1 Be2 20. Rf2 Bc4 21. Rfb2 b5 22. e5 Rc8 23. Bc5 e6 24. Bf1 Bxf1 25.
Kxf1 Bf8 26. Bxf8 Kxf8 27. a4 a6 28. Ke2 c5 29. axb5 axb5 30. Rd1 cxd4 31. cxd4 Rc4 32. Rbd2 Rd5 33. Ke3 b4 34. Rd3 Kg7 35. R1d2 h6 36.
g4 Rc1 37. Ke4 Re1+ 38. Re3 Rg1 39. h3 Rc1 40. Rb3 Rc4 41. f5 Ra5 42. fxe6 fxe6 43. Rdb2 Rd5 44. Rd2 g5 45. Rf3 Rd7 46. Rf6 Re7 47.
Kd3 Rc3+ 48. Ke4 Rxh3 49. d5 exd5+ 50. Rxd5 Rg3 51. Kf5 Rf3+ 0-1

[Event "Late-Titled-Tuesday-Blitz-March-12-2024"]
[Site "Chess.com"]
[Date "2024.03.12"]
[Round "7"]
[White "Moultino06"]
[Black "NelsonLinda"]
[Result "1-0"]
[WhiteElo "2821"]
[BlackElo "2639"]
[TimeControl "180+1"]
[EndTime "15:17:32 PDT"]
[Termination "Moultino06 won on time"]

1. d4 d5 2. Bf4 Nf6 3. Nc3 a6 4. e3 c5 5. Nf3 cxd4 6. exd4 Nc6 7. Ne5 Bf5 8. g4 Bg6 9. h4 Qb6 10. Nxc6 bxc6 11. h5 Qxb2 12. Rh3 Bxc2 13. Qc1 Qxc1+ 14. Rxc1 Be4 15. f3 Bxf3 16. Rxf3 Nxg4 17. Na4 e6 18. Rb3 Nf6 19. Nb6 Ra7 20. Nc8 Ra8 21. Rxc6 Nxh5 22.
Bb8 Be7 23. Rb7 Bh4+ 24. Kd1 O-O 25. Bxa6 Nf4 26. Ne7+ Bxe7 27. Bxf4 Bf6 28. Bd6 Rfd8 29. Bc5 g5 30. Ke2 Rdb8 31. Rxb8+ Rxb8 32. Rc8+ Rxc8 33. Bxc8 h5 34. Bb6 Be7 35. a4 Bb4 36. a5 Bxa5 37.
Bxa5 Kg7 38. Bc7 Kf6 39. Kf3 Kf5 40. Ba6 g4+ 41. Ke3 Kg5 42. Bb5 h4 43. Bf4+ Kf5 44. Bd3+ Kf6 45. Bd6 Kg5 46. Kf2 f6 47. Be7 h3 48. Kg3 1-0

[Event "Late-Titled-Tuesday-Blitz-March-12-2024"]
[Site "Chess.com"]
[Date "2024.03.12"]
[Round "7"]
[White "Svet_1502"]
[Black "falzehope0"]
[Result "1-0"]
[WhiteElo "2244"]
[BlackElo "2418"]
[TimeControl "180+1"]
[EndTime "15:17:33 PDT"]
[Termination "Svet_1502 won on time"]

1. d4 d6 2. Nf3 Nf6 3. g3 Nbd7 4. Bg2 e5 5. dxe5 dxe5 6. O-O Be7 7. c4 O-O 8. Qc2 c6 9. Nc3 Qc7 10. Rb1 Re8 11. b4 Nf8 12. Bg5 Ng6 13. Nd2 Be6 14. a4 Qc8 15. b5 Bh3 16. Bxf6 Bxg2 17. Kxg2 gxf6 18. e4 Qg4 19. Qd1 Qg5 20. Nf3 Qh6 21. Qe2 Kh8 22. bxc6 bxc6 23. Rb7 Rg8 24. Kh1 a5 25. Nd1 Bc5 26. Rxf7 Raf8 27. Rxf8 Rxf8 28. Ne3 Ne7 29. Nf5 Nxf5 30. exf5 Qh5 31. Qe4 Bb4 32. Kg2 c5 33. Rd1 Rg8 34. Rd7 Qe8 35. Qd5 Qh5 36. Qf7 Qxf7 37. Rxf7 Re8 38. Rxf6 Kg7 39. Re6 Rxe6 40.
fxe6 Kf6 41. Ng5 h6 42. Ne4+ Kxe6 43. Kf3 Kf5 44. g4+ Ke6 45. h4 Ba3 46. g5 hxg5 47.
hxg5 Kf5 48. Ke3 Bc1+ 49. Kd3 Bxg5 50. Nxc5 Bh4 51. f3 Be1 52. Nb3 Kf4 53. Ke2 Bb4 54.
c5 e4 55. fxe4 Kxe4 56. c6 1-0

[Event "Late-Titled-Tuesday-Blitz-March-12-2024"]
[Site "Chess.com"]
[Date "2024.03.12"]
[Round "7"]
[White "stollenmonster"]
[Black "ncofre98"]
[Result "1-0"]
[WhiteElo "2856"]
[BlackElo "2611"]
[TimeControl "180+1"]
[EndTime "15:17:34 PDT"]
[Termination "stollenmonster won on time"]

1. e4 c5 2. Nf3 d6 3. d4 cxd4 4. Nxd4 Nf6 5. Nc3 g6 6. g3 Nc6 7.
Nde2 Bd7 8. Bg2 Qc8 9. h3 h5 10. Nf4 Bg7 11. Ncd5 Ne5 12. Nxf6+ Bxf6 13. Nd5 Bg7 14. Bg5 f6 15. Be3 Kf7 16. Bd4 Be6 17. Ne3 Nc4 18. Nd5 Bxd5 19. exd5 f5 20. b3 Bxd4 21.
Qxd4 Ne5 22. Qd2 Qc5 23. c3 h4 24. f4 Nd7 25. g4 Nf6 26. O-O-O a5 27. Kb1 Rac8 28.
Rc1 fxg4 29. hxg4 Rc7 30. g5 Ng4 31. Bh3 Qe3 32. Qb2 Nf2 33. Be6+ Kf8 34. c4 Rh7 35.
Rhe1 Qd3+ 36. Ka1 Qf3 37. Rf1 Nd3 38. Rxf3 Nxb2 39. Kxb2 Kg7 40. Rh1 b5 41. Kc3 bxc4 42. bxc4 Rb7 43. Rfh3 Rh8 44. Rxh4 Rxh4 45. Rxh4 Rb1 46.
f5 gxf5 47. Bxf5 Rc1+ 48. Kd2 Rf1 49. Bd3 Rf2+ 50. Ke3 Rxa2 51. Rh7+ Kg8 52. Rxe7 a4 53. Bh7+ Kh8 54. g6 Rg2 55. Kf3 Rg1 56. c5 dxc5 57. d6 1-0

[Event "Late-Titled-Tuesday-Blitz-March-12-2024"]
[Site "Chess.com"]
[Date "2024.03.12"]
[Round "7"]
[White "tptagain"]
[Black "Jospem"]
[Result "0-1"]
[WhiteElo "2967"]
[BlackElo "3122"]
[TimeControl "180+1"]
[EndTime "15:17:35 PDT"]
[Termination "Jospem won on time"]

1. Nf3 c5 2. e3 Nf6 3. d4 Qc7 4. d5 d6 5. c4 g6 6. Nc3 Bg7 7. e4 O-O 8. Bd3 e5 9. O-O Na6 10. a3 Nh5 11. Re1 Nf4 12. Bxf4 exf4 13. Qd2 Bg4 14.
Qxf4 Bxf3 15. Qxf3 Rae8 16. Rab1 Nb8 17. Nb5 Qb6 18. g3 a6 19. Nc3 Qa5 20. Qd1 Nd7 21. Qc2 Bd4 22. Kg2 Re7 23. Ne2 Bg7 24. Ng1 Rfe8 25. Re2 Ne5 26. Nf3 Nd7 27. Rbe1 b5 28. h4 b4 29. Ra1 Rb8 30. Qd2 Qb6 31. Qg5 Ree8 32. h5 Ne5 33. h6 Nxf3 34. Kxf3 Bd4 35. a4 b3 36. a5 Qc7 37. Kg2 f6 38. Qg4 Qf7 39. f4 Kh8 40. Ra3 Rb4 41. Re1 Bxb2 42. Raa1 Bxa1 43. Rxa1 b2 44. Rb1 Qf8 45. Qh4 Qe7 46.
Qg4 Reb8 47. Kh2 Rb3 48. Bf1 Rf8 49. Bg2 f5 50. exf5 gxf5 51. Qh5 Qf6 52. Bh3 Qg6 53. Qd1 Qxg3+ 0-1

[Event "Late-Titled-Tuesday-Blitz-March-12-2024"]
[Site "Chess.com"]
[Date "2024.03.12"]
[Round "7"]
[White "nj123456"]
[Black "IMRosen"]
[Result "1/2-1/2"]
[WhiteElo "2485"]
[BlackElo "2680"]
[TimeControl "180+1"]
[EndTime "15:17:36 PDT"]
[Termination "Game drawn by repetition"]

1. e4 e5 2. Nf3 Nf6 3. Nxe5 Nc6 4. Nxc6 dxc6 5. d3 Bc5 6. Be2 h5 7. c3 Ng4 8. d4 Qh4 9. g3 Qf6 10. f3 h4 11. e5 Nxe5 12. dxe5 Qxe5 13. Bf4 Qe7 14.
g4 g5 15. Bc1 Be6 16. Nd2 O-O-O 17. Qc2 f6 18. Ne4 Bb6 19. Bd2 Qf7 20. b3 a5 21.
O-O-O a4 22. Kb2 Rhe8 23. c4 Bd4+ 24. Bc3 c5 25. Rd2 Rd7 26. Rhd1 Red8 27. Bxd4 cxd4 28. Nc5 a3+ 29. Kxa3 Qe7 30. b4 Rd6 31. Nxe6 Rxe6 32. Bd3 Re3 33. Qa4 Kb8 34. Kb2 Rxf3 35. Re2 Re3 36. Rde1 Qe5 37. Qc2 Re8 38. Rxe3 dxe3+ 39. Qc3 Qxh2+ 40. Re2 Qf4 41. c5 h3 42. Qc4 h2 43.
Qxf4 gxf4 44. Rxh2 f3 45. Be2 fxe2 46. Rxe2 Re4 47.
Kc3 Ka7 48. a3 Ka6 49. Kd3 Rxg4 50. Rxe3 c6 51. Kc3 Rf4 52. Kb3 Ka7 53. a4 Rf2 54. b5 Rf5 55. Kb4 Rf4+ 56. Kb3 cxb5 57. axb5 Rf5 58.
Kb4 Rf1 59. Re7 Rb1+ 60. Kc4 Rc1+ 61. Kb4 Rb1+ 62. Kc4 Rc1+ 63. Kb4 Rb1+ 1/2-1/2

[Event "Late-Titled-Tuesday-Blitz-March-12-2024"]
[Site "Chess.com"]
[Date "2024.03.12"]
[Round "7"]
[White "cthulhuuu"]
[Black "Mikasinski"]
[Result "1-0"]
[WhiteElo "2434"]
[BlackElo "2654"]
[TimeControl "180+1"]
[EndTime "15:17:36 PDT"]
[Termination "cthulhuuu won on time"]

1. e4 c5 2. Nf3 d6 3. g3 g6 4. Bg2 Bg7 5. O-O Nf6 6. d3 O-O 7.
Re1 Nc6 8. e5 dxe5 9. Nxe5 Nxe5 10. Rxe5 Qc7 11. Bf4 Qb6 12. Nc3 Qxb2 13. Rxc5 Nd7 14.
Rc7 Bxc3 15. Rb1 Qxa2 16. Rxc3 Qa5 17. Rcb3 e5 18. Bh6 Re8 19. Bxb7 Bxb7 20. Rxb7 Nc5 21. R7b5 Qc7 22. Qf3 f5 23. Qd5+ Ne6 24. Rb7 Qd8 25.
Qxe5 Qd4 26. Rg7+ Kh8 27. Qxd4 Nxd4 28. Rbb7 Ne6 29. Rxh7+ Kg8 30. Rxa7 Rxa7 31. Rxa7 g5 32. h4 g4 33. Be3 Rb8 34. h5 f4 35. gxf4 Rb5 36. h6 Rh5 37. h7+ Kh8 38. d4 Nf8 39.
Ra8 Rf5 40. d5 Kxh7 41. d6 Kg6 42. Ra7 Rd5 43. Ra6 Kf5 44. c4 Rd1+ 45. Kg2 Nd7 46. c5 Ke6 47. c6 Nb8 48. c7 Nd7 49. c8=Q 1-0

[Event "Late-Titled-Tuesday-Blitz-March-12-2024"]
[Site "Chess.com"]
[Date "2024.03.12"]
[Round "7"]
[White "AlejandroArias"]
[Black "aqibjbutt"]
[Result "1-0"]
[WhiteElo "2361"]
[BlackElo "2074"]
[TimeControl "180+1"]
[EndTime "15:17:37 PDT"]
[Termination "AlejandroArias won by checkmate"]

1. e4 c6 2. d4 d5 3. exd5 cxd5 4. Bd3 Nc6 5. c3 Nf6 6. h3 g6 7. Nf3 Bg7 8. O-O O-O 9. Re1 Rb8 10. Bf4 Ra8 11.
Nbd2 Bf5 12. Bf1 Ne4 13. g4 Nxd2 14. Qxd2 Be6 15. Bh6 Qd7 16. Bxg7 Kxg7 17. Qf4 f6 18.
Re3 Bf7 19. Rae1 Rae8 20. g5 Bg8 21. Qg3 fxg5 22. Nxg5 Rf5 23. Bd3 Rf6 24. h4 Ref8 25. Bb5 Rf4 26. Bxc6 Qxc6 27. Rxe7+ Kh8 28. R1e3 Qf6 29.
Kh2 Rxf2+ 30. Kh3 Rxb2 31. Qe5 Qxe5 32. R3xe5 Rff2 33. Re8 Rh2+ 34. Kg3 Rbg2+ 35. Kf3 Rf2+ 36. Ke3 Re2+ 37. Kf4 Rhf2+ 38. Nf3 Rxe5 39. dxe5 Rxa2 40. e6 Re2 41. Nd4 Re4+ 42. Kg5 Kg7 43. Re7+ Kf8 44. Rxb7 Re5+ 45. Kf6 Re4 46. Rb8# 1-0

[Event "Late-Titled-Tuesday-Blitz-March-12-2024"]
[Site "Chess.com"]
[Date "2024.03.12"]
[Round "7"]
[White "BilodeauA"]
[Black "JSPrepz"]
[Result "1-0"]
[WhiteElo "3012"]
[BlackElo "2839"]
[TimeControl "180+1"]
[EndTime "15:17:40 PDT"]
[Termination "BilodeauA won by resignation"]

1. e4 e5 2. Nf3 Nc6 3. Bc4 Nf6 4. d3 h6 5. h3 g6 6. a4 Bg7 7. a5 O-O 8. Nc3 d6 9. O-O Kh7 10. a6 b6 11. Be3 Na5 12. b4 Nxc4 13. dxc4 Be6 14. Qd3 Nh5 15. g4 Qf6 16. Kg2 Nf4+ 17. Bxf4 exf4 18. Nd5 Qd8 19. Rad1 Be5 20. b5 Bg7 21.
Nxf4 Bd7 22. Nd5 Re8 23. Rfe1 Rc8 24. Nd4 c6 25. bxc6 Bxc6 26. Nxc6 Rxc6 27. Ne3 Qc8 28. Qd5 Re7 29. Rd3 Re6 30. Ra3 Bb2 31. Ra4 Bg7 32. Rd1 Qe8 33. Ra3 Rxe4 34. h4 Re5 35. Qd3 Kg8 36. h5 gxh5 37. gxh5 Rxh5 38. Kf1 Rg5 39. Ke2 Rcc5 40. Rb3 Rce5 41. Qxd6 Re6 42. Qd8 Be5 43.
Qxe8+ Rxe8 44. Rd7 Bf4 45. Rxa7 Ra5 46. Rxb6 Ra2 47.
Kf3 Bxe3 48. fxe3 Rxc2 49. Rc7 Rc3 50. Rf6 Rcxe3+ 51. Kg2 Re2+ 52. Rf2 Rxf2+ 53. Kxf2 Ra8 54. a7 Kg7 55. c5 Kf6 56. Rd7 Ke6 57. c6 h5 58. Kg3 Kf5 59. c7 Ke6 60. Rd8 Rxa7 61. c8=Q+ 1-0

[Event "Late-Titled-Tuesday-Blitz-March-12-2024"]
[Site "Chess.com"]
[Date "2024.03.12"]
[Round "7"]
[White "Mikayel99"]
[Black "Gryffindorac8"]
[Result "1-0"]
[WhiteElo "2563"]
[BlackElo "2374"]
[TimeControl "180+1"]
[EndTime "15:17:42 PDT"]
[Termination "Mikayel99 won by resignation"]

1. e4 c5 2. Nf3 d6 3. d4 cxd4 4. Nxd4 Nf6 5. Nc3 a6 6. f3 e5 7. Nb3 Be7 8. Be3 Be6 9. Be2 Nbd7 10. Nd5 Bxd5 11. exd5 O-O 12. a4 b6 13. a5 b5 14.
O-O Rc8 15. c3 Qc7 16. Nc1 Qb7 17. Nd3 Nxd5 18. Bf2 f5 19. Qb3 Kh8 20. Rfd1 N7f6 21. c4 Nc7 22. c5 Ncd5 23. cxd6 Bxd6 24. Rac1 Rcd8 25. Nc5 Qe7 26. Rxd5 Nxd5 27. Qxd5 e4 28. Ne6 Bxh2+ 29. Kxh2 Rxd5 30. Nxf8 Qxf8 31. fxe4 fxe4 32. Bg3 h6 33. Bg4 Rd8 34. Rc6 Re8 35. Rxa6 e3 36. Be2 Qb4 37. Rb6 Qxa5 38. Rxb5 Qd2 39. Bh5 Rd8 40. Re5 Rd5 41. Re8+ Kh7 42. Bf3 Rd4 43. b3 h5 44. Bxh5 Qd3 45. Bf3 Qxb3 46. Be4+ Rxe4 47. Rxe4 Qd3 48. Re5 e2 49. Re7 Kg6 50. Re8 Qd1 51. Re6+ Kf7 52. Re3 Qf1 53. Rf3+ Qxf3 54. gxf3 Kg6 55.
Kg2 Kf5 56. Kf2 g5 57. Kxe2 g4 58. f4 Ke4 59. Kf2 Kd3 60. Bh4 Ke4 61. Bg5 Kf5 62. Kg3 1-0

[Event "Late-Titled-Tuesday-Blitz-March-12-2024"]
[Site "Chess.com"]
[Date "2024.03.12"]
[Round "7"]
[White "waltereador"]
[Black "Redzishchess"]
[Result "0-1"]
[WhiteElo "2326"]
[BlackElo "2517"]
[TimeControl "180+1"]
[EndTime "15:17:42 PDT"]
[Termination "Redzishchess won by checkmate"]

1. e4 c5 2. b4 e5 3. bxc5 Bxc5 4. Nf3 Nc6 5. Nc3 Nf6 6. Bc4 O-O 7. O-O d6 8. h3 Be6 9. Bd5 Bxd5 10. exd5 Nd4 11.
Rb1 Qd7 12. d3 h6 13. Ne4 Nxd5 14. Nxe5 dxe5 15. Nxc5 Qc6 16. Ne4 f5 17. c4 fxe4 18.
cxd5 Qxd5 19. dxe4 Qxe4 20. Be3 Rad8 21. Bxd4 exd4 22.
Qb3+ Rf7 23. Rbe1 Qc6 24. Re7 Rf8 25. Rfe1 Qf6 26. Rxf7 Qxf7 27. Rd1 Qxb3 28. axb3 Rd8 29. Kf1 Kf7 30. Ke2 Ke6 31. Kd3 Kd5 32. Ra1 Rc8 33.
Rxa7 Rc3+ 34. Kd2 Rxb3 35. Ra5+ Ke4 36. f3+ Kf4 37. Rd5 Rb2+ 38. Kd3 Rxg2 39. Rxd4+ Kxf3 40.
Rd7 Rg3 41. Rxb7 Kg2+ 42. Ke2 Kxh3 43. Kf2 h5 44. Rb5 h4 45. Rb1 g5 46. Rc1 Ra3 47. Rh1+ Kg4 48. Rg1+ Kf4 49. Rb1 Ra2+ 50. Kg1 Kg4 51.
Rb4+ Kg3 52. Rb3+ Kg4 53. Rb4+ Kh5 54. Rb1 h3 55. Rb5 Kh4 56. Rb4+ g4 57. Rb1 Rc2 58. Rd1 Rc3 59. Rb1 Kg3 60. Re1 Rd3 61. Kh1 Kf3 62. Kg1 Rd2 63. Rf1+ Kg3 64. Kh1 Rh2+ 65.
Kg1 Rg2+ 66. Kh1 Rd2 67. Rg1+ Kh4 68. Re1 Rd4 69. Kg1 g3 70. Kh1 Kg4 71. Kg1 Kf4 72. Rf1+ Kg4 73. Re1 Kf3 74. Rf1+ Ke2 75. Rb1 Rd1+ 76.
Rxd1 Kxd1 77. Kh1 Ke2 78. Kg1 Kf3 79. Kh1 Kg4 80. Kg1 Kf3 81. Kh1 g2+ 82. Kg1 h2+ 83.
Kxh2 Kf2 84. Kh3 g1=Q 85. Kh4 Qg6 86. Kh3 Qg3# 0-1

[Event "Late-Titled-Tuesday-Blitz-March-12-2024"]
[Site "Chess.com"]
[Date "2024.03.12"]
[Round "7"]
[White "Ready4abattle"]
[Black "Defenstrator"]
[Result "1/2-1/2"]
[WhiteElo "2404"]
[BlackElo "2422"]
[TimeControl "180+1"]
[EndTime "15:17:44 PDT"]
[Termination "Game drawn by repetition"]

1. e4 c6 2. d4 d5 3. e5 Bf5 4.
Nd2 h6 5. Nb3 e6 6. Nf3 a5 7. a4 Na6 8. c3 g5 9. Bd3 Ne7 10. O-O Bg6 11. Be3 Nf5 12. Rc1 g4 13.
Ne1 h5 14. Nd2 Nxe3 15. fxe3 Bh6 16. Bxg6 Bxe3+ 17. Kh1 fxg6 18. Qe2 Qg5 19. Rc2 O-O-O 20. Rf6 Rdf8 21. Nf1 Bc1 22. Nd3 Bxb2 23. Rxf8+ Rxf8 24. Rxb2 h4 25. Ne3 g3 26. h3 c5 27. dxc5 Rf7 28. Ng4 Nxc5 29. Rb1 Ne4 30. Qe3 Qf5 31. Nf6 Kb8 32. Re1 Nf2+ 33. Nxf2 gxf2 34. Rf1 Rc7 35. Rxf2 Qb1+ 36. Kh2 Qb3 37. Rf3 Qxa4 38. Ng4 Qb3 39. Rf8+ Rc8 40. Rxc8+ Kxc8 41. Qc5+ Kb8 42. Qd6+ Ka7 43.
Qxe6 a4 44. Nf6 a3 45. Nxd5 a2 46. Qd7 a1=Q 47. Nc7 Kb6 48. Qd6+ Ka7 49. Qc5+ Qb6 50.
Nb5+ Ka6 51. Nc7+ Ka7 52. Nb5+ Ka6 53. Nc7+ Ka7 1/2-1/2

[Event "Late-Titled-Tuesday-Blitz-March-12-2024"]
[Site "Chess.com"]
[Date "2024.03.12"]
[Round "7"]
[White "Kosak12"]
[Black "TokChess"]
[Result "1/2-1/2"]
[WhiteElo "2785"]
[BlackElo "2616"]
[TimeControl "180+1"]
[EndTime "15:17:45 PDT"]
[Termination "Game drawn by repetition"]

1. e4 c5 2. Nf3 e6 3. d4 cxd4 4. Nxd4 a6 5. g3 Nc6 6. Bg2 Nxd4 7. Qxd4 Ne7 8. O-O Nc6 9. Qd3 Qc7 10. Nc3 Be7 11.
Bf4 Ne5 12. Qd2 d6 13. Rad1 O-O 14. b3 b5 15. Ne2 Bb7 16. h3 Rac8 17. Nd4 Qc3 18. Qe2 Qa5 19. a4 bxa4 20. Ra1 a3 21. Bd2 Qc5 22. c3 Nc6 23. Nc2 a5 24. Nxa3 Bf6 25. Rfc1 Qb6 26. Nc4 Qc7 27. Bf4 Ba6 28. Qa2 Bxc4 29. bxc4 Ne5 30. Qxa5 Qxa5 31. Rxa5 Nd3 32.
Rd1 Nxf4 33. gxf4 Bxc3 34. Ra3 Rxc4 35. Ra7 Bb4 36. f5 Bc5 37. Re7 Rc2 38. Rf1 e5 39. Bf3 g6 40. Bd1 Rb2 41. Ba4 Kg7 42. Bc6 Kf6 43.
Rd7 gxf5 44. exf5 Kxf5 45. Bd5 Kf6 46. Kg2 Rd2 47. Bc4 Rg8+ 48. Kf3 Rg7 49. h4 h5 50. Rb7 Rc2 51. Bd5 Rc3+ 52. Ke2 Rc2+ 53. Kd3 Rxf2 54. Rfb1 Rf4 55. Ke2 Rd4 56. Bb3 Rf4 57.
Bd5 Rh7 58. Bb3 Rg7 59. Bd5 1/2-1/2

[Event "Late-Titled-Tuesday-Blitz-March-12-2024"]
[Site "Chess.com"]
[Date "2024.03.12"]
[Round "7"]
[White "GMKrikor"]
[Black "GothamChess"]
[Result "1-0"]
[WhiteElo "2887"]
[BlackElo "2691"]
[TimeControl "180+1"]
[EndTime "15:17:47 PDT"]
[Termination "GMKrikor won on time"]

1. Nf3 g6 2. c4 Bg7 3. e4 d6 4. d4 Bg4 5. Be2 Bxf3 6. Bxf3 Nc6 7. Be3 e5 8. d5 Nd4 9. Nc3 c5 10. dxc6 bxc6 11. O-O Ne7 12. b4 O-O 13. Rb1 Rb8 14. a4 a6 15. Qd3 Qd7 16. Bxd4 exd4 17. Ne2 c5 18. b5 a5 19. g3 f5 20. exf5 Qxf5 21.
Be4 Qg5 22. Rbe1 Nc8 23. f4 Qf6 24. Nc1 Nb6 25. Qc2 Qf7 26. Bd3 d5 27. cxd5 c4 28. Be4 Rbc8 29. Qg2 Rfd8 30. f5 g5 31. f6 Bf8 32. Bf5 Kh8 33. Be6 Qg6 34. Bxc8 Rxc8 35. f7 d3 36. Re6 Qg7 37. Re8 Qd4+ 38. Kh1 Kg7 39. Qf3 Rc7 40. Re4 Qb2 41. Nxd3 cxd3 42. Qxd3 Rc2 43. Qd4+ Qxd4 44. Rxd4 Nd7 45. d6 Rb2 46.
Rc4 Rd2 47. Rc7 Rxd6 48. Rc6 Rd2 49. Ra6 Nc5 50. Rxa5 Ne4 51. Ra8 g4 52. Rc8 h5 53.
b6 h4 54. gxh4 g3 55. hxg3 Nxg3+ 56. Kg1 Nxf1 57. Kxf1 Rb2 58. a5 Kxf7 59. Rc6 Bb4 60. a6 Bd2 61. a7 1-0

[Event "Late-Titled-Tuesday-Blitz-March-12-2024"]
[Site "Chess.com"]
[Date "2024.03.12"]
[Round "7"]
[White "Koalaskakistis"]
[Black "Rinqed222"]
[Result "0-1"]
[WhiteElo "2512"]
[BlackElo "2358"]
[TimeControl "180+1"]
[EndTime "15:17:47 PDT"]
[Termination "Rinqed222 won on time"]

1. e4 e6 2. d4 d5 3. Nd2 c5 4.
exd5 Qxd5 5. Ngf3 cxd4 6. Bc4 Qd8 7. O-O Nc6 8. Nb3 Nf6 9. Nbxd4 Nxd4 10. Nxd4 a6 11.
c3 Qc7 12. Bd3 Bd6 13. h3 O-O 14. Qf3 Bd7 15. Bg5 Be7 16. Rfe1 Bc6 17. Nxc6 Qxc6 18. Qxc6 bxc6 19. Rad1 a5 20. a3 a4 21. c4 Rab8 22. Re2 Rfd8 23. Bc1 Nd7 24. Bc2 Nc5 25. Rxd8+ Bxd8 26. Kf1 Bf6 27. Bd1 Nd3 28. Be3 Nxb2 29. Bc2 Kf8 30. Bc5+ Ke8 31. Be4 Rc8 32. Rc2 Be5 33.
g4 g6 34. f4 Bg7 35. g5 Kd7 36.
Ke2 Rb8 37. Rd2+ Kc8 38. Rc2 Rb3 39. Bf3 Kc7 40. Bb4 Bd4 41. c5 Nd3 42. Ba5+ Kb7 43.
Be4 Nxf4+ 44. Kd2 Nd5 45. Rc4 Be3+ 46. Ke2 Rxa3 47. Bd8 Bf4 48. Bf3 Ka6 49. Rc2 Kb5 50. Bxd5 exd5 51. Bb6 Rxh3 52. Rb2+ Kc4 53. Rc2+ Rc3 54.
Ra2 a3 55. Ra1 Kb3 56. Rb1+ Kc2 57. Rb4 Rb3 58. Ra4 a2 59. Ba5 Kb1 60. Bc3 a1=Q 0-1

[Event "Late-Titled-Tuesday-Blitz-March-12-2024"]
[Site "Chess.com"]
[Date "2024.03.12"]
[Round "7"]
[White "ukchessbomber"]
[Black "The_Straightforward_Rook"]
[Result "1-0"]
[WhiteElo "2636"]
[BlackElo "2459"]
[TimeControl "180+1"]
[EndTime "15:17:54 PDT"]
[Termination "ukchessbomber won on time"]

1. c4 c6 2. b3 d5 3. Bb2 Nf6 4. e3 Bf5 5. Nf3 Nbd7 6. Be2 e6 7. O-O Bd6 8. d4 O-O 9. Nh4 Bg6 10. Nc3 a6 11.
Rc1 b5 12. cxd5 cxd5 13. Nxg6 hxg6 14. a4 b4 15. Nb1 Qb8 16. g3 Rc8 17. Nd2 Rxc1 18.
Qxc1 Qb7 19. Bd3 Rc8 20. Qd1 Ne4 21. Nxe4 dxe4 22. Bc2 Nf6 23. Qe2 Rc7 24. Rc1 Qc8 25. Qd1 g5 26. Kg2 a5 27. Bb1 Rxc1 28. Bxc1 Qc3 29. Bc2 Kf8 30. Bd2 Qb2 31. Bc1 Qc3 32. Bd2 Qb2 33. Be1 Ke7 34. d5 Nxd5 35. Kg1 f5 36. Qd2 Be5 37. Qe2 g4 38. Bd1 Qxe2 39. Bxe2 Bc3 40. Kf1 Kd6 41. Bc4 Nb6 42. Bb5 Kc5 43. Ke2 Nd5 44. Bc4 Be5 45. Kd1 g5 46.
Kc2 f4 47. Bd2 f3 48. Ba6 Nc3 49. Bc8 Kd6 50. Bb7 Nd5 51. Ba6 Bc3 52. Bb5 Bxd2 53. Kxd2 Ke5 54. Be8 Nc3 55. Bc6 Ne2 56. Bb5 Ng1 57.
Ke1 Nh3 58. Be8 Kf5 59. Kf1 Ke5 60. Bg6 Kf6 61. Bh5 Ke5 62. Bxg4 1-0

[Event "Late-Titled-Tuesday-Blitz-March-12-2024"]
[Site "Chess.com"]
[Date "2024.03.12"]
[Round "7"]
[White "KyronGriffith"]
[Black "Machidon"]
[Result "1-0"]
[WhiteElo "2692"]
[BlackElo "2505"]
[TimeControl "180+1"]
[EndTime "15:18:02 PDT"]
[Termination "KyronGriffith won on time"]

1. e4 c6 2. d4 d5 3. e5 Bf5 4. h4 h5 5. Bd3 Bxd3 6. Qxd3 Qa5+ 7. Nd2 e6 8. Ne2 Ne7 9. g3 Nf5 10. O-O Qa6 11. Qf3 c5 12. c4 Nc6 13.
cxd5 Ncxd4 14. Nxd4 Nxd4 15. Qe4 exd5 16. Qg2 O-O-O 17.
Nf3 Ne6 18. Ng5 Rd7 19. Rd1 d4 20. Bd2 Kb8 21. a3 Nxg5 22. Bxg5 Be7 23. Bxe7 Rxe7 24. Qd5 Rc7 25. Rac1 Rd8 26. Qf3 Qe6 27. Qxh5 c4 28.
Qf3 Qxe5 29. Re1 Qf6 30. Qxf6 gxf6 31. Kf1 d3 32. Rcd1 b5 33. Re3 a5 34. Rf3 Rd6 35. h5 b4 36. axb4 axb4 37. h6 Rc8 38. Rf4 Ka7 39.
h7 c3 40. bxc3 bxc3 41. Ra4+ Ra6 42. Rxa6+ Kxa6 43. h8=Q Rxh8 44. Rxd3 Rc8 45. Rd1 Kb5 46. Ke2 Kc4 47. Rd6 Re8+ 48. Kd1 Re6 49. Rd7 Re5 50. Rxf7 Rd5+ 51. Kc1 f5 52. f3 Kd3 53. g4 fxg4 54. fxg4 Re5 55. Rf3+ Kc4 56. Rg3 Re2 57. g5 Kb3 58. Kd1 Ra2 59. g6 Ra1+ 60. Ke2 Kb2 61.
g7 Ra8 62. g8=Q Rxg8 63. Rxg8 c2 64. Rb8+ Kc3 65. Rc8+ Kb2 66. Kd2 c1=Q+ 67. Rxc1 1-0

[Event "Late-Titled-Tuesday-Blitz-March-12-2024"]
[Site "Chess.com"]
[Date "2024.03.12"]
[Round "7"]
[White "bascheyaro"]
[Black "RandomNoob04"]
[Result "1/2-1/2"]
[WhiteElo "2793"]
[BlackElo "2647"]
[TimeControl "180+1"]
[EndTime "15:18:03 PDT"]
[Termination "Game drawn - insufficient material"]

1. d4 Nf6 2. c4 c5 3. Nf3 cxd4 4.
Nxd4 b6 5. Nf3 Bb7 6. Nc3 e6 7. g3 Bb4 8. Bd2 O-O 9. Bg2 Bxc3 10.
Bxc3 Ne4 11. Rc1 d6 12. O-O Nd7 13. b3 Nxc3 14. Rxc3 Nf6 15. Rd3 Ne4 16. Nd2 Nc5 17. Bxb7 Nxb7 18. Ne4 d5 19. cxd5 exd5 20. Rxd5 Qe7 21.
Nc3 Rfd8 22. e3 Qf6 23. Ne4 Qc6 24. Rxd8+ Rxd8 25. Qf3 h6 26. Ng5 Qc7 27. Ne4 Qc6 28. Nf6+ Qxf6 29. Qxb7 a5 30. a4 Rd3 31. Qc8+ Kh7 32.
Qc2 Qg6 33. Rc1 Qe4 34. Qb1 g6 35. Rd1 Rxd1+ 36. Qxd1 Qb4 37. Qd5 Kg8 38. Qc4 Qd6 39.
Qd4 Qc6 40. e4 Qc1+ 41. Kg2 Qc6 42. h4 f5 43. Qd5+ Qxd5 44. exd5 Kf7 45. f4 Ke7 46. h5 gxh5 47. Kh3 Kd6 48. Kh4 Kxd5 49. Kxh5 b5 50. Kxh6 b4 51. Kg5 Kd4 52. Kxf5 Kc3 53. Ke5 Kxb3 54. f5 Kxa4 55. f6 b3 56. f7 b2 57. f8=Q b1=Q 58. Qf4+ Qb4 59. g4 Qxf4+ 60. Kxf4 Kb4 61. g5 a4 62. g6 a3 63. g7 a2 64.
g8=Q a1=Q 65. Qf8+ Kb3 66. Qf7+ Kb2 67. Qb7+ Ka2 68.
Qd5+ Kb2 69. Qb5+ Ka2 70. Qc4+ Kb2 71. Qd4+ Ka2 72. Qxa1+ Kxa1 1/2-1/2